MID
KANNAPOLIS INTIMIDATORS @ LAKE COUNTY CAPTAINS
05/29/2049
 
TOP OF THE 1ST
Kannapolis Intimidators batting - Pitching for Lake County Captains : LHP Tony Flores
Pitching: LHP Tony Flores
Batting: RHB Kunimatsu Oya 0-0: Ball
1-0: Ball
2-0: Called Strike
2-1: Foul Ball, location: 2F
2-2: Foul Ball, location: 2F
2-2: Strikes out swinging
Batting: SHB Andres Agudo 0-0: Fly out, F9 (Flyball, 89S, EV 92.5 MPH)
Batting: RHB Corey Dalton 0-0: Ball
1-0: Called Strike
1-1: Called Strike
1-2: Foul Ball, location: 2F
1-2: Ball
2-2: Foul Ball, location: 2F
2-2: Foul Ball, location: 2F
2-2: Strikes out swinging
Top of the 1st over - 0 runs, 0 hits, 0 errors, 0 left on base; Kannapolis 0 - Lake County 0
BOTTOM OF THE 1ST
Lake County Captains batting - Pitching for Kannapolis Intimidators : RHP Ruben Castro
Pitching: RHP Ruben Castro
Batting: RHB Patrick Pinault 0-0: Called Strike
0-1: Called Strike
0-2: Ball
1-2: Ball
2-2: Fly out, F8 (Flyball, 8RD, EV 80.0 MPH)
Batting: RHB Josh Patterson 0-0: Foul Ball, location: 2F
0-1: Ball
1-1: Ball
2-1: Called Strike
2-2: Ground out 6-3 (Groundball, 6, EV 86.2 MPH)
Batting: LHB Esteban Cordova 0-0: Called Strike
0-1: Ball
1-1: Foul Ball, location: 2F
1-2: Strikes out swinging
Bottom of the 1st over - 0 runs, 0 hits, 0 errors, 0 left on base; Kannapolis 0 - Lake County 0
TOP OF THE 2ND
Kannapolis Intimidators batting - Pitching for Lake County Captains : LHP Tony Flores
Batting: LHB Jesus Ramirez 0-0: Ball
1-0: Ground out 4-3 (Groundball, 4, EV 103.8 MPH)
Batting: RHB Nick Kleckner 0-0: Ball
1-0: Ball
2-0: Ball
3-0: Called Strike
3-1: Swinging Strike
3-2: Foul Ball, location: 2F
3-2: Foul Ball, location: 2F
3-2: Base on Balls
Batting: RHB Toichiro Fujimoto 0-0: Ball
1-0: Ball
2-0: Called Strike
2-1: Ball
3-1: Grounds into double play, 4-6-3 (Groundball, 4, EV 78.8 MPH)
Top of the 2nd over - 0 runs, 0 hits, 0 errors, 0 left on base; Kannapolis 0 - Lake County 0
BOTTOM OF THE 2ND
Lake County Captains batting - Pitching for Kannapolis Intimidators : RHP Ruben Castro
Batting: LHB Jeff Palmowski 0-0: Ball
1-0: Ball
2-0: Foul Ball, location: 2F
2-1: Ball
3-1: SINGLE (Groundball, 5D, EV 98.8 MPH)
Batting: RHB Jose Valtierra 0-0: Ball
1-0: Ball
2-0: Ball
3-0: Called Strike
3-1: Foul Ball, location: 2F
3-2: Strikes out looking
Batting: RHB Eric Kuck 0-0: Ball
1-0: Called Strike
1-1: Swinging Strike
1-2: Grounds into double play, 4-6-3 (Groundball, 4, EV 85.6 MPH)
Bottom of the 2nd over - 0 runs, 1 hit, 0 errors, 0 left on base; Kannapolis 0 - Lake County 0
TOP OF THE 3RD
Kannapolis Intimidators batting - Pitching for Lake County Captains : LHP Tony Flores
Pitching: RHP Marcus Cox
Batting: RHB Santos Guadalupe 0-0: Swinging Strike
0-1: Ball
1-1: Foul Ball, location: 2F
1-2: Foul Ball, location: 2F
1-2: Strikes out swinging
Batting: RHB Kaoru Hamada 0-0: Called Strike
0-1: Foul Ball, location: 2F
0-2: Strikes out swinging
Batting: RHB Miguel Pacheco 0-0: Called Strike
0-1: Ground out 5-3 (Groundball, 15, EV 80.6 MPH)
Top of the 3rd over - 0 runs, 0 hits, 0 errors, 0 left on base; Kannapolis 0 - Lake County 0
BOTTOM OF THE 3RD
Lake County Captains batting - Pitching for Kannapolis Intimidators : RHP Ruben Castro
Batting: RHB Steve Gusman 0-0: SINGLE (Groundball, P, EV 98.1 MPH)
Batting: RHB Tony Gonzales 0-0: Fly out, F9 (Flyball, 9LSF, EV 85.6 MPH)
Batting: RHB Juan Ordonez 0-0: Ball
1-0: Ball
2-0: Called Strike
2-1: Swinging Strike
2-2: Ball
3-2: Grounds into double play, 6-4-3 (Groundball, 6, EV 92.5 MPH)
Bottom of the 3rd over - 0 runs, 1 hit, 0 errors, 0 left on base; Kannapolis 0 - Lake County 0
TOP OF THE 4TH
Kannapolis Intimidators batting - Pitching for Lake County Captains : RHP Marcus Cox
Batting: RHB Kunimatsu Oya 0-0: Called Strike
0-1: Swinging Strike
0-2: Foul Ball, location: 2F
0-2: Ball
1-2: DOUBLE (Line Drive, 89M, EV 93.1 MPH)
Batting: SHB Andres Agudo 0-0: Called Strike
Kunimatsu Oya is caught stealing 3rd base 2-5
0-1: Called Strike
0-2: Ball
1-2: Foul Ball, location: 2F
1-2: Ball
2-2: Strikes out looking
Batting: RHB Corey Dalton 0-0: Ground out 5-3 (Groundball, 56, EV 92.5 MPH)
Top of the 4th over - 0 runs, 1 hit, 0 errors, 0 left on base; Kannapolis 0 - Lake County 0
BOTTOM OF THE 4TH
Lake County Captains batting - Pitching for Kannapolis Intimidators : RHP Ruben Castro
Batting: RHB Patrick Pinault 0-0: Ball
1-0: Called Strike
1-1: Ground out 6-3 (Groundball, 6, EV 110.6 MPH)
Batting: RHB Josh Patterson 0-0: Ball
1-0: Foul Ball, location: 2F
1-1: Foul Ball, location: 2F
1-2: Foul Ball, location: 2F
1-2: Ball
2-2: Ball
3-2: Foul Ball, location: 2F
3-2: Strikes out swinging
Batting: LHB Esteban Cordova 0-0: Called Strike
0-1: Swinging Strike
0-2: Ball
1-2: Ball
2-2: Ground out 3-1 (Groundball, 34, EV 80.0 MPH)
Bottom of the 4th over - 0 runs, 0 hits, 0 errors, 0 left on base; Kannapolis 0 - Lake County 0
TOP OF THE 5TH
Kannapolis Intimidators batting - Pitching for Lake County Captains : RHP Marcus Cox
Batting: LHB Jesus Ramirez 0-0: Ball
1-0: Ball
2-0: Ball
3-0: Called Strike
3-1: Swinging Strike
3-2: Foul Ball, location: 2F
3-2: Ground out 5-3 (Groundball, 5L, EV 97.5 MPH)
Batting: RHB Nick Kleckner 0-0: Foul Ball, location: 2F
0-1: Ground out 6-3 (Groundball, 6, EV 104.4 MPH)
Batting: RHB Toichiro Fujimoto 0-0: Ball
1-0: Foul Ball, location: 2F
1-1: Fly out, F6 (Line Drive, 6, EV 74.4 MPH)
Top of the 5th over - 0 runs, 0 hits, 0 errors, 0 left on base; Kannapolis 0 - Lake County 0
BOTTOM OF THE 5TH
Lake County Captains batting - Pitching for Kannapolis Intimidators : RHP Ruben Castro
Batting: LHB Jeff Palmowski 0-0: Called Strike
0-1: Ball
1-1: Ball
2-1: Foul Ball, location: 2F
2-2: Ground out 5-3 (Groundball, 56S, EV 67.5 MPH)
Batting: RHB Jose Valtierra 0-0: Ball
1-0: Ball
2-0: Ball
3-0: Called Strike
3-1: Called Strike
3-2: Strikes out swinging
Batting: RHB Eric Kuck 0-0: Ball
1-0: Ball
2-0: Ball
3-0: Called Strike
3-1: Ground out 5-3 (Groundball, 25, EV 92.5 MPH)
Bottom of the 5th over - 0 runs, 0 hits, 0 errors, 0 left on base; Kannapolis 0 - Lake County 0
TOP OF THE 6TH
Kannapolis Intimidators batting - Pitching for Lake County Captains : RHP Marcus Cox
Pinch Hitting: LHB Raul Rojas 0-0: Ball
1-0: Ball
2-0: Ball
3-0: Base on Balls
Pinch Hitting: RHB Tony Garcia 0-0: Called Strike
0-1: Called Strike
0-2: Ball
1-2: Ball
2-2: Ball
3-2: Foul Ball, location: 2F
3-2: SINGLE (Groundball, 4MD, EV 110.6 MPH)
Raul Rojas to second
Batting: RHB Miguel Pacheco 0-0: DOUBLE (Groundball, 3L, EV 109.4 MPH)
Raul Rojas scores
Tony Garcia to third
Batting: RHB Kunimatsu Oya 0-0: Foul Ball, location: 2F
0-1: Ball
1-1: Swinging Strike
1-2: Foul Ball, location: 2F
1-2: Foul Ball, location: 2F
1-2: Strikes out swinging
Batting: SHB Andres Agudo 0-0: SINGLE (Line Drive, 56D, EV 98.1 MPH)
Tony Garcia scores
Miguel Pacheco to third
Batting: RHB Corey Dalton 0-0: Swinging Strike
0-1: Ball
1-1: Called Strike
1-2: Ball
Passed Ball!
Miguel Pacheco scores
Andres Agudo to second
2-2: Strikes out swinging
Pitching: LHP Tim Fried
Batting: LHB Jesus Ramirez 0-0: Swinging Strike
0-1: Foul Ball, location: 2F
0-2: Foul Ball, location: 2F
0-2: Ball
1-2: Strikes out swinging
Top of the 6th over - 3 runs, 3 hits, 0 errors, 1 left on base; Kannapolis 3 - Lake County 0
BOTTOM OF THE 6TH
Lake County Captains batting - Pitching for Kannapolis Intimidators : RHP Ruben Castro
Now at 2B: Tony Garcia
Now at SS: Kunimatsu Oya
Now in LF: Jose Pereyra
Now in CF: Andres Agudo
Batting: RHB Steve Gusman 0-0: Ball
1-0: Foul Ball, location: 2F
1-1: Ball
2-1: Fly out, F8 (Line Drive, 8RD, EV 86.2 MPH)
Batting: RHB Tony Gonzales 0-0: Ball
1-0: Foul Ball, location: 2F
1-1: Fly out, F9 (Line Drive, 89M, EV 106.2 MPH)
Batting: RHB Juan Ordonez 0-0: Ball
1-0: Fly out, F9 (Flyball, 9S, EV 80.6 MPH)
Bottom of the 6th over - 0 runs, 0 hits, 0 errors, 0 left on base; Kannapolis 3 - Lake County 0
TOP OF THE 7TH
Kannapolis Intimidators batting - Pitching for Lake County Captains : LHP Tim Fried
Batting: RHB Nick Kleckner 0-0: Called Strike
0-1: SINGLE (Groundball, 56D, EV 95.0 MPH)
Batting: RHB Toichiro Fujimoto 0-0: Bunted foul
0-1: Bunted foul
0-2: Grounds into double play, 5-4-3 (Groundball, 56, EV 107.5 MPH)
Batting: LHB Jose Pereyra 0-0: Ball
1-0: Foul Ball, location: 2F
1-1: Foul Ball, location: 2F
1-2: Ball
2-2: Foul Ball, location: 2F
2-2: Foul Ball, location: 2F
2-2: Strikes out swinging
Top of the 7th over - 0 runs, 1 hit, 0 errors, 0 left on base; Kannapolis 3 - Lake County 0
BOTTOM OF THE 7TH
Lake County Captains batting - Pitching for Kannapolis Intimidators : RHP Ruben Castro
Now at 1B: Luwen Storm
Batting: RHB Patrick Pinault 0-0: Foul Ball, location: 2F
0-1: Reached on error, E5 (Groundball, 5L, EV 87.5 MPH)
Pitching: RHP Dave Rosado
Batting: RHB Josh Patterson 0-0: Ball
1-0: Ball
2-0: Foul Ball, location: 2F
2-1: SINGLE (Groundball, 34D, EV 100.6 MPH)
Patrick Pinault to third
Runner from 3rd tries for Home, SAFE, throw by RF to home
Josh Patterson to second
Batting: LHB Esteban Cordova 0-0: Ball
1-0: Foul Ball, location: 2F
1-1: Ground out 4-3 (Groundball, 4, EV 84.4 MPH)
Josh Patterson to third
Batting: LHB Jeff Palmowski 0-0: Ball
Wild Pitch!
Josh Patterson scores
1-0: Ball
2-0: Called Strike
2-1: Ball
3-1: Foul Ball, location: 2F
3-2: SOLO HOME RUN (Flyball, 9LD, EV 102.5 MPH), Distance : 404 ft
Batting: RHB Jose Valtierra 0-0: Ball
1-0: Ground out 5-3 (Groundball, 56S, EV 65.6 MPH)
Batting: RHB Eric Kuck 0-0: Called Strike
0-1: Called Strike
0-2: Foul Ball, location: 2F
0-2: Ball
1-2: Foul Ball, location: 2F
1-2: Ball
2-2: Strikes out swinging
Bottom of the 7th over - 3 runs, 2 hits, 1 error, 0 left on base; Kannapolis 3 - Lake County 3
TOP OF THE 8TH
Kannapolis Intimidators batting - Pitching for Lake County Captains : LHP Tim Fried
Batting: RHB Tony Garcia 0-0: Foul Ball, location: 2F
0-1: Fly out, F8 (Flyball, 89M, EV 87.5 MPH)
Batting: RHB Miguel Pacheco 0-0: Called Strike
0-1: Ball
1-1: Foul Ball, location: 2F
1-2: Strikes out swinging
Batting: RHB Kunimatsu Oya 0-0: Called Strike
0-1: Ball
1-1: Swinging Strike
1-2: Strikes out looking
Top of the 8th over - 0 runs, 0 hits, 0 errors, 0 left on base; Kannapolis 3 - Lake County 3
BOTTOM OF THE 8TH
Lake County Captains batting - Pitching for Kannapolis Intimidators : RHP Dave Rosado
Pitching: LHP Rodolfo Valencia
Batting: RHB Steve Gusman 0-0: Called Strike
0-1: Foul Ball, location: 2F
0-2: Ball
1-2: Fly out, F9 (Flyball, 89M, EV 91.2 MPH)
Batting: RHB Tony Gonzales 0-0: Foul Ball, location: 2F
0-1: Foul Ball, location: 2F
0-2: Ball
1-2: Strikes out swinging
Batting: RHB Juan Ordonez 0-0: Ball
1-0: Foul Ball, location: 2F
1-1: Ball
2-1: Ground out 1-3 (Groundball, 23, EV 69.4 MPH)
Bottom of the 8th over - 0 runs, 0 hits, 0 errors, 0 left on base; Kannapolis 3 - Lake County 3
TOP OF THE 9TH
Kannapolis Intimidators batting - Pitching for Lake County Captains : LHP Tim Fried
Batting: SHB Andres Agudo 0-0: Called Strike
0-1: Ball
1-1: Swinging Strike
1-2: SINGLE (Line Drive, 9LS, EV 91.9 MPH)
Batting: RHB Corey Dalton 0-0: Swinging Strike
0-1: Fly out, F9 (Line Drive, 9, EV 92.5 MPH)
Batting: RHB Luwen Storm 0-0: Called Strike
0-1: Fielders Choice at 2nd, 4-6 (Groundball, 4, EV 81.2 MPH)
Batting: RHB Nick Kleckner 0-0: SINGLE (Line Drive, 4MD, EV 97.5 MPH)
Luwen Storm to second
Batting: RHB Toichiro Fujimoto 0-0: Called Strike
0-1: Foul Ball, location: 2F
0-2: Ball
1-2: Ball
2-2: Foul Ball, location: 2F
2-2: Fly out, F2 (Popup, 15S, EV 92.5 MPH)
Top of the 9th over - 0 runs, 2 hits, 0 errors, 2 left on base; Kannapolis 3 - Lake County 3
BOTTOM OF THE 9TH
Lake County Captains batting - Pitching for Kannapolis Intimidators : LHP Rodolfo Valencia
Pitching: RHP Shinya Ito
Pinch Hitting: LHB Frank Hill 0-0: SINGLE (Groundball, 6D, EV 96.9 MPH)
Batting: RHB Josh Patterson 0-0: Ball
1-0: Called Strike
1-1: Ball
2-1: Ball
Frank Hill steals 2nd base
3-1: Foul Ball, location: 2F
3-2: Strikes out swinging
Batting: LHB Esteban Cordova 0-0: Intentional Walk
Batting: LHB Jeff Palmowski 0-0: Called Strike
0-1: Ball
1-1: Fielders Choice at 2nd, 4-6 (Groundball, 4, EV 108.1 MPH)
Frank Hill to third
Batting: RHB Jose Valtierra 0-0: Ball
1-0: Ball
2-0: Foul Ball, location: 2F
2-1: SINGLE (Groundball, 56D, EV 97.5 MPH)
Frank Hill scores
Bottom of the 9th over - 1 run, 2 hits, 0 errors, 1 left on base; Kannapolis 3 - Lake County 4
Sunday, July 16th , 2023 - OOTP Baseball 24.6 Build 69